 Dungeon Crawl Stone Soup version 0.31-a0-846-gb3bcc0d938 (webtiles) character file.

Game seed: 8361148686756400223

1953 lonewolfV2 the Poker (level 9, -7/69 HPs)
             Began as a Formicid Fighter on Oct 3, 2023.
             Was an Initiate of Gozag.
             Shot with a sling bullet by Joseph (24 damage)
             ... on level 7 of the Dungeon.
             The game lasted 00:08:55 (5425 turns).

lonewolfV2 the Poker (Formicid Fighter)             Turns: 5425, Time: 00:08:57

Health: -7/69      AC:  0    Str: 32    XL:     9   Next: 42%
Magic:  9/9        EV: 11    Int:  7    God:    Gozag
Gold:   339        SH:  5    Dex: 13    Spells: 8/8 levels left

rFire   + . .        e - +3 scythe (protect)
rCold   . . .        c - +0 buckler
rNeg    . . .        b - +0 scale mail
rPois   +            (helmet unavailable)
rElec   .            (no cloak)
rCorr   .            (no gloves)
SInv    +            (no boots)
Will    .....        (no amulet) Stlth
                     p - ring "Rureigyr" {rPois rF+ Str+6}
HPRegen 0.31/turn    (no ring)
MPRegen 0.11/turn

%: no passive effects
@: corroded
A: permanent stasis, dig shafts and tunnels, antennae 3, four strong arms
a: Dig, Shaft Self, Renounce Religion, Potion Petition, Call Merchant, Bribe
Branch


You were on level 7 of the Dungeon.
You worshipped Gozag.
Gozag was aware of your devotion.
You visited 2 branches of the dungeon, and saw 8 of its levels.

You collected 449 gold pieces.
You paid 110 gold pieces to Gozag.

Inventory:

Hand Weapons
 a - a +0 war axe
 e - a +3 scythe of protection (weapon)
Missiles
 j - a throwing net
Armour
 b - a +0 scale mail (worn)
 c - a +0 buckler (worn)
Jewellery
 p - the ring "Rureigyr" (left hand) {rPois rF+ Str+6}
   (You found it on level 7 of the Dungeon)

   [ring of strength]

   Str+6:     It affects your strength (+6).
   rF+:       It protects you from fire.
   rPois:     It protects you from poison
Scrolls
 g - 2 scrolls of noise
 h - a scroll of enchant weapon
 k - a scroll of revelation
 m - a scroll of vulnerability
 n - a scroll of amnesia
Potions
 d - a potion of might
 i - a potion of brilliance
 o - a potion of resistance


   Skills:
 + Level 6.0 Fighting
 + Level 4.0(6.1) Axes
 + Level 7.2(7.7) Polearms
 + Level 6.3 Armour
 + Level 2.5 Dodging
 + Level 0.8 Stealth
 + Level 6.1 Shields


You had 8 spell levels left.
You didn't know any spells.
Your spell library contained the following spells:

 Spells                   Type           Power      Damage    Failure   Level
 Manifold Assault         Tloc           0%         N/A       100%        4
 Dispersal                Tloc           0%         N/A       100%        6
 Disjunction              Tloc           0%         N/A       100%        8


Dungeon Overview and Level Annotations

Branches:
Dungeon (7/15)             Temple (1/1) D:6

Altars:
Ashenzari
Cheibriados
Dithmenos
Elyvilon
Gozag
Hepliaklqana
Kikubaaqudgha
Makhleb
Nemelex Xobeh
Okawaru
Qazlal
Ru
Sif Muna
Trog
Uskayaw
Wu Jian
Xom
Yredelemnul
Zin
The Shining One

Shops:
D:2 [

Annotations:
D:7 Joseph


Innate Abilities, Weirdness & Mutations

You cannot be hasted, slowed, berserked, paralysed or teleported.
You can dig through walls and to a lower floor.
You have a pair of large antennae on your head. (SInv)
Your four strong arms can wield two-handed weapons with a shield.


Message History

You puncture the orc!
You kill the orc!
Joseph, a Mercenary comes into view.
He is wielding a +0 quarterstaff and carrying a wand of light.
The kobold hits you but does no damage.
Joseph shouts!
You hit the kobold.
You kill the kobold!
Joseph unwields a +0 quarterstaff.
Joseph wields a +0 sling.
Joseph shoots a sling bullet.
You block the sling bullet. The kobold hits you but does no damage.
You block the kobold's attack.
Joseph is distracted by your dazzling golden aura.
The kobold hits you but does no damage.
Items here: $ (( ))) [.
You barely miss the kobold. The kobold closely misses you.
Joseph shouts!
You slash the kobold!
You kill the kobold!
Joseph is no longer distracted by gold.
Joseph shoots a sling bullet.
The sling bullet hits you!
Joseph zaps a wand.
The bolt of light hits you.
You are confused.
Things that are here:
4 gold pieces; a +0 short sword You bump into the rock wall.
Joseph shoots a sling bullet.
The sling bullet hits you!
* * * LOW HITPOINT WARNING * * *
Joseph shoots a sling bullet.
The sling bullet barely misses you.
You feel better.
Joseph shoots a sling bullet.
The sling bullet hits you!
* * * LOW HITPOINT WARNING * * *
You feel better.
Joseph shoots a sling bullet.
You block the sling bullet.
You feel better.
Joseph zaps a wand.
The bolt of light hits you!!
* * * LOW HITPOINT WARNING * * *
You feel much better.
Joseph shoots a sling bullet.
The sling bullet hits you!!
* * * LOW HITPOINT WARNING * * *
You feel better.
Joseph shoots a sling bullet.
The sling bullet hits you!
* * * LOW HITPOINT WARNING * * *
You feel better.
Joseph shoots a sling bullet.
You block the sling bullet.
You feel better.
Joseph shoots a sling bullet.
The sling bullet hits you!!
You die...
Your body crumbles into a pile of gold.

#..##.# ##... # #...#.#
##.# ...
##..#.#######.# #...
#..#..........
.....####
#..#########.# ....
...# #..# #.#
....@##.###..# #..
#.......$....### ###
######@$..$......#.####
######.###.###.... ...
#.#### ####


You could see Joseph.

Vanquished Creatures
  Grinder (D:3)
  Sigmund (D:2)
  2 centaurs
  An ogre (D:5)
  2 phantoms
  A kobold brigand (D:7)
  2 bullfrogs
  3 scorpions
  A howler monkey (D:7)
  4 hounds (D:5)
  An orc priest (D:3)
  3 jellies
  4 sleepcaps
  5 iguanas
  2 orc wizards
  10 gnolls
  6 adders
  A shadow imp (D:6)
  A white imp (D:6)
  A dart slug (D:1)
  23 orcs
  9 ball pythons
  9 endoplasms
  4 giant cockroaches
  6 goblins
  8 hobgoblins
  6 kobolds
  7 quokkas
  4 bats
  7 frilled lizards
  9 rats
144 creatures vanquished.

Notes
Turn   | Place    | Note
-------+----------+-------------------------------------------
     0 | D:1      | lonewolfV2 the Formicid Fighter began the quest for the
                  | Orb.
     0 | D:1      | Reached XP level 1. HP: 18/18 MP: 1/1
   191 | D:1      | Reached XP level 2. HP: 24/24 MP: 2/2
   530 | D:1      | Reached XP level 3. HP: 28/29 MP: 3/3
   972 | D:2      | Found a faded altar of an unknown god.
   985 | D:2      | Noticed Sigmund
   993 | D:2      | Killed Sigmund
   994 | D:2      | Reached skill level 1 in Dodging
   994 | D:2      | Reached XP level 4. HP: 24/37 MP: 4/4
   994 | D:2      | Reached XP level 5. HP: 27/42 MP: 5/5
   994 | D:2      | Reached XP level 6. HP: 31/48 MP: 6/6
  1374 | D:2      | Found a shimmering altar of Xom.
  1432 | D:2      | Found Evvepri's Antique Armour Boutique.
  1822 | D:3      | Found a hazy altar of Hepliaklqana.
  1829 | D:3      | Found a burning altar of Makhleb.
  1838 | D:3      | Found an ornate altar of the Wu Jian Council.
  1853 | D:3      | Found a sparkling altar of Nemelex Xobeh.
  1882 | D:3      | Reached skill level 1 in Polearms
  2034 | D:3      | Noticed Grinder
  2042 | D:3      | Killed Grinder
  2043 | D:3      | Reached skill level 3 in Polearms
  2043 | D:3      | Reached XP level 7. HP: 55/55 MP: 7/7
  2576 | D:3      | Found a stormy altar of Qazlal.
  2611 | D:4      | Reached skill level 5 in Shields
  2824 | D:4      | Reached skill level 4 in Polearms
  2995 | D:4      | Reached skill level 5 in Armour
  3075 | D:4      | Reached skill level 5 in Fighting
  3075 | D:4      | Reached XP level 8. HP: 62/62 MP: 8/8
  3497 | D:5      | Entered Level 5 of the Dungeon
  3559 | D:5      | Reached skill level 5 in Polearms
  4367 | D:6      | Reached skill level 6 in Polearms
  4614 | D:6      | Reached XP level 9. HP: 69/69 MP: 9/9
  4868 | D:6      | Found a staircase to the Ecumenical Temple.
  4881 | Temple   | Entered the Ecumenical Temple
  4920 | Temple   | Became a worshipper of Gozag Ym Sagoz the Greedy
  5063 | D:7      | Identified the ring "Rureigyr" {rPois rF+ Str+6}
  5212 | D:7      | Reached skill level 7 in Polearms
  5411 | D:7      | Noticed Joseph
  5423 | D:7      | HP: 3/69 [Joseph/sling bullet (12)]
  5425 | D:7      | Shot with a sling bullet by Joseph

Illustrated notes

Levels and vault maps discovered:
D:1:      psy_arrival_radial01, layout_basic
D:2:      layout_basic, basic_altar, nicolae_ecumenical_snake_handling,
          serial_shops, shop, minmay_diced_spiral, uniq_sigmund
D:3:      layout_basic, nicolae_qazlal_eye_of_the_storm,
          grunt_temple_overflow_cloverleaf, uniq_grinder
D:4:      layout_gridville
D:5:      layout_loops_ring, kennysheep_small_spiral
D:6:      layout_basic, minmay_temple_entry_statues_fountains, grunt_decor_cap
D:7:      layout_loops_ring, uniq_joseph
Temple:   regret_index_temple_generic_petals

Skill      XL: |  1  2  3  4  5  6  7  8  9 |
---------------+----------------------------+-----
Axes           | 3 4 |  4.0
Armour         | 4 5 6 |  6.3
Dodging        | 1 2 |  2.5
Fighting       | 4 5 6 |  6.0
Polearms       | 3 4 6 7 |  7.2
Shields        | 5 6 |  6.1
Stealth        | |  0.8

Action                     |  1- 3 |  4- 6 |  7- 9 || total
---------------------------+-------+-------+-------++-------
  Melee: War axe           |    64 |     6 |       ||    70
         Halberd           |       |    75 |   269 ||   344
    Use: Scroll            |     4 |     3 |     4 ||    11
         Potion            |     1 |       |     7 ||     8
   Stab: Distracted        |       |       |     1 ||     1
 Armour: Scale mail        |    53 |    48 |   213 ||   314
  Dodge: Dodged            |    45 |    35 |   137 ||   217
  Block: Buckler           |    15 |    16 |    78 ||   109

Table legend: (Time is in decaauts)
 A = Elapsed time spent in this place.
 B = Non-inter-level travel time spent in this place.
 C = Inter-level travel time spent in this place.
 D = Time resting spent in this place.
 E = Time spent auto-exploring this place.
 F = Levels seen in this place.
 G = Mean time per level.
                   A        B        C        D        E       F      G
               +--------+--------+--------+--------+--------+-----+--------+
         Total |   5545 |   5394 |    151 |    265 |   3845 |   8 |  693.1 |
       Dungeon |   5474 |   5339 |    135 |    265 |   3845 |   7 |  782.0 |
        Temple |     70 |     54 |     16 |      0 |      0 |   1 |   70.0 |
               +--------+--------+--------+--------+--------+-----+--------+

Top non-repeatable levels by time:
     D:1: 970 daAuts
     D:3: 948 daAuts
     D:4: 906 daAuts
     D:5: 788 daAuts
     D:2: 758 daAuts
     D:6: 721 daAuts
     D:7: 381 daAuts
  Temple: 70 daAuts
